 Dungeon Crawl Stone Soup version 0.31-a0-277-g31ea1f65cc (webtiles) character file.

Game seed: 5260281949522069015

5185 drugrobin the Cruncher (level 10, -3/81 HPs)
             Began as a Demigod Delver on July 15, 2023.
             Slain by a basilisk (15 damage)
             ... on level 9 of the Dungeon.
             The game lasted 00:24:18 (9585 turns).

drugrobin the Cruncher (Demigod Delver)             Turns: 9585, Time: 00:24:19

Health: -3/81      AC:  7    Str: 25    XL:     10   Next: 12%
Magic:  13/13      EV: 12    Int: 18    God:
Gold:   114        SH:  0    Dex: 15    Spells: 9/9 levels left

rFire   . . .        a - +4 lajatang
rCold   . . .        (shield currently unavailable)
rNeg    . . .        H - +3 leather armour {rPois}
rPois   +            C - +0 helmet
rElec   .            (no cloak)
rCorr   +            (no gloves)
SInv    .            (no boots)
Will    +....        (no amulet)
Stlth   +++          I - +6 ring of intelligence
HPRegen 0.33/turn    L - ring of resist corrosion
MPRegen 0.13/turn

%: no passive effects
@: no status effects
A: high MP 1, forlorn, divine attributes
a: no special abilities


You were on level 9 of the Dungeon.
You visited 1 branch of the dungeon, and saw 9 of its levels.

You collected 396 gold pieces.
You spent 282 gold pieces at shops.

Inventory:

Hand Weapons
 a - a +4 lajatang (weapon)
 b - a +1 spear of venom
 B - a +0 spear
 E - a +0 trident
 J - a +0 halberd of electrocution
 P - a +0 sling
Missiles
 r - 6 javelins
 z - 8 poisoned darts
 D - 8 boomerangs (quivered)
Armour
 C - a +0 helmet (worn)
 H - a +3 leather armour of poison resistance (worn)
Magical Staves
 i - a staff of cold
 F - a staff of earth
Jewellery
 I - a +6 ring of intelligence (left hand)
 K - a ring of wizardry
 L - a ring of resist corrosion (right hand)
 N - a ring of positive energy
 Q - a ring of poison resistance
Wands
 g - a wand of digging (3)
 o - a wand of paralysis (21)
 A - a wand of acid (3)
 M - a wand of iceblast (15)
Scrolls
 c - a scroll of fog
 d - a scroll of revelation
 e - a scroll of fear
 j - 7 scrolls of identify {unknown}
 m - 2 scrolls of immolation {unknown}
 n - a scroll of enchant armour {unknown}
 p - a scroll of noise {unknown}
 t - 3 scrolls of vulnerability {unknown}
 x - 4 scrolls of teleportation {unknown}
 y - 2 scrolls of blinking {unknown}
 O - a scroll of poison {unknown}
Potions
 f - a potion of haste
 h - 7 potions of curing
 k - a potion of resistance {unknown}
 l - 2 potions of might {unknown}
 q - 6 potions of heal wounds {unknown}
 s - 2 potions of enlightenment {unknown}
 u - a potion of attraction {unknown}
 v - 3 potions of degeneration {unknown}
 w - 3 potions of mutation {unknown}
 G - a potion of brilliance {unknown}


   Skills:
 + Level 5.0 Fighting
 - Level 9.0(11.1) Polearms
 + Level 10.1(11.6) Staves
 - Level 1.7 Dodging
 - Level 4.5 Stealth


You had 9 spell levels left.
You didn't know any spells.
Your spell library contained the following spells:

 Spells                   Type           Power      Damage    Failure   Level
 Apportation              Tloc           0%         N/A       26%         1
 Alistair's Intoxication  Tmut/Pois      0%         N/A       100%        5


Dungeon Overview and Level Annotations

Branches:
Dungeon (9/15)             Temple (0/1) D:5
   Lair: D:8-11         Orc: D:9-12

Shops:
D:4 :??   D:5 =   D:8 (

Annotations:
D:3 2 transporters
D:9 exclusion: skeletal warrior


Innate Abilities, Weirdness & Mutations

You have an increased reservoir of magic. (+10% MP)
You shall have no god before yourself.
Your divine heritage dramatically boosts your attributes as you level up.


Message History

The basilisk is heavily wounded.
The gnoll sergeant barely misses you. The basilisk gazes at you.
You easily resist.
Unknown command.
Unknown command.
You hit the basilisk.
The basilisk is severely wounded.
Unknown command.
Unknown command.
You closely miss the basilisk.
The basilisk is severely wounded.
The basilisk barely misses you.
The gnoll sergeant hits you but does no damage.
Unknown command.
Unknown command.
You miss the basilisk.
The basilisk is severely wounded.
The basilisk bites you but does no damage.
Unknown command.
Unknown command.
You barely miss the basilisk.
The basilisk is severely wounded.
The basilisk bites you!
The gnoll sergeant hits you from afar with a +0 spear!
* * * LOW HITPOINT WARNING * * *
A centaur comes into view.
Unknown command.
Unknown command.
Unknown command.
Unknown command.
Unknown command.
Unknown command.
The centaur shouts!
You hit the basilisk.
The basilisk is severely wounded.
The gnoll sergeant hits you from afar with a +0 spear!
* * * LOW HITPOINT WARNING * * *
The basilisk bites you!
You die...

##..## ##...............# #....#
#..#.............#..# ..#..#
#.c#................. .##..#
#..#........#........ .#..## ###
..##.......###...... .#..#
....#..#........###..... ....#
.....{J#.....#.......... ...##
#####.gl##.#.###....###.. ...#
####...####@#.####...### #..
...###.........##..#......#.###..
.#........##............#....#...
..........###......##...#........
...#.......###.....##.........#..
...#.......###.....##.##......##.
#...........##..#...#.##..>#..###
##....##........#.....###.##.....
###<................#.###........


You could see a slime creature, a basilisk, a gnoll sergeant and a centaur.

Vanquished Creatures
  A hornet (D:6)
  Prince Ribbit (D:5)
  A troll (D:9)
  2 shadows (D:9)
  Eustachio (D:5)
  A yak (D:9)
  Menkaure (D:5)
  An acid dragon (D:8)
  3 black bears
  2 orc warriors
  4 sky beasts
  5 ogres
  4 centaurs
  2 phantoms (D:5)
  A kobold brigand (D:6)
  4 bullfrogs
  3 gnoll sergeants
  A scorpion (D:6)
  6 wights
  6 killer bees (D:8)
  2 howler monkeys
  4 orc priests
  3 jellies
  A gnoll bouda (D:7)
  Ijyb (D:3)
  Terence (D:3)
  6 orc wizards
  2 iguanas
  Robin (D:3)
  19 gnolls
  7 adders
  A white imp (D:5)
  2 worms (D:3)
  24 orcs
  10 ball pythons
  11 bats
  9 endoplasms
  A giant cockroach (D:1)
  7 hobgoblins
  9 kobolds
  3 quokkas
  2 frilled lizards
  16 goblins
  A rat (D:1)
193 creatures vanquished.

Notes
Turn   | Place    | Note
-------+----------+-------------------------------------------
     0 | D:5      | drugrobin the Demigod Delver began the quest for the Orb.
     0 | D:5      | Reached XP level 1. HP: 18/18 MP: 3/3
    36 | D:5      | Noticed an iguana
   290 | D:3      | Reached XP level 2. HP: 23/26 MP: 4/4
   737 | D:1      | Reached XP level 3. HP: 31/31 MP: 5/5
  1848 | D:3      | Noticed Ijyb
  1848 | D:3      | Noticed Terence
  1869 | D:3      | Killed Ijyb
  1870 | D:3      | Reached XP level 4. HP: 34/38 MP: 6/6
  1896 | D:3      | Killed Terence
  1938 | D:3      | Noticed Robin
  1954 | D:3      | Killed Robin
  2221 | D:3      | Identified the +8 spear of Calculation {venom, rElec rCorr
                  | MP+9 Int+3}
  2327 | D:3      | Reached XP level 5. HP: 42/46 MP: 7/7
  2386 | D:3      | Found a transporter.
  2387 | D:3      | Found a transporter.
  3403 | D:4      | Found Vajurryhu's Magic Scroll Emporium.
  3404 | D:4      | Found Buypn's Magic Scroll Emporium.
  3404 | D:4      | Found Zietoar's Book Emporium.
  3411 | D:4      | Reached skill level 5 in Polearms
  3413 | D:4      | Bought a scroll of brand weapon for 123 gold pieces
  3487 | D:4      | Reached XP level 6. HP: 49/52 MP: 8/8
  3687 | D:5      | Found Ponuebb's Jewellery Boutique.
  3712 | D:5      | Noticed Menkaure
  3722 | D:5      | Killed Menkaure
  3724 | D:5      | Found a staircase to the Ecumenical Temple.
  3765 | D:5      | Noticed Prince Ribbit
  3772 | D:5      | Killed Prince Ribbit
  3773 | D:5      | Reached XP level 7. HP: 15/59 MP: 9/9
  3967 | D:5      | Identified the +3 leather armour of the Lost Path {Drain
                  | Will+ Str+8 Int-4}
  3987 | D:5      | Noticed Eustachio
  3993 | D:5      | Killed Eustachio
  4521 | D:5      | Reached XP level 8. HP: 55/66 MP: 10/10
  4856 | D:5      | Reached skill level 1 in Staves
  4934 | D:5      | Reached skill level 2 in Staves
  5010 | D:6      | Reached skill level 3 in Staves
  5097 | D:6      | Reached skill level 4 in Staves
  5581 | D:6      | Reached skill level 5 in Staves
  5631 | D:6      | Noticed a hornet
  5643 | D:6      | Killed a hornet
  5690 | D:6      | Reached skill level 6 in Staves
  6050 | D:6      | Reached XP level 9. HP: 65/71 MP: 11/11
  6883 | D:7      | Reached skill level 7 in Staves
  7463 | D:7      | Reached skill level 8 in Staves
  7990 | D:8      | Found Gigakk's Weapon Shoppe.
  8009 | D:8      | Bought a +1 spear of venom for 159 gold pieces
  8198 | D:8      | Reached skill level 9 in Staves
  9507 | D:9      | Noticed a skeletal warrior
  9565 | D:9      | Reached XP level 10. HP: 80/80 MP: 13/13
  9567 | D:9      | Reached skill level 10 in Staves
  9577 | D:9      | Reached skill level 5 in Fighting
  9585 | D:9      | Slain by a basilisk

Illustrated notes

Levels and vault maps discovered:
D:1:      lemuel_arrival_hallway, layout_loops_ring
D:2:      layout_loops_ring, basic_altar, minmay_tetromino_o2
D:3:      layout_basic, mainiacjoe_overflow_boulevard,
          gammafunk_ghost_gnarly_gnolls, chequers_ecumenical_altar_simple_redux,
          uniq_terence, uniq_robin, uniq_ijyb
D:4:      layout_basic, tso_oasis_becter, lemuel_crystal_altar,
          nicolae_shop_distant_corner_stores
D:5:      layout_basic, kennysheep_mini_moat, minmay_temple_entry_trees,
          serial_shops, nicolae_shop_advertising_works
          [nicolae_subvault_shop_adworks], nicolae_grassy_gnolls,
          uniq_prince_ribbit1, uniq_menkaure, uniq_eustachio
D:6:      layout_layer_cave, mainiacjoe_overflow_tiny_flanked
D:7:      layout_basic, nicolae_overflow_hidden_temple
D:8:      layout_basic, serial_shops, shop, nicolae_eternal_life
D:9:      layout_cave_pools, nicolae_overflow_two_pavilions,
          general_overflow_altar, minmay_pinched_square

Skill      XL: |  1  2  3  4  5  6  7  8  9 10 |
---------------+-------------------------------+-----
Polearms       | 2 3 4 5 7 8 9 |  9.0
Fighting       | 3 4 5 |  5.0
Staves         | 6 9 10 | 10.1
Dodging        | |  1.7
Stealth        | |  4.5

Action                     |  1- 3 |  4- 6 |  7- 9 | 10-12 || total
---------------------------+-------+-------+-------+-------++-------
  Melee: Spear             |   185 |    51 |    55 |       ||   291
         Punch             |     1 |       |     3 |       ||     4
         Trident           |       |    54 |       |       ||    54
         Halberd           |       |    69 |    32 |       ||   101
         Lajatang          |       |       |   192 |    21 ||   213
   Fire: Sling             |     4 |       |     3 |       ||     7
  Throw: Dart              |       |     1 |     3 |       ||     4
         Boomerang         |       |     6 |    20 |       ||    26
  Evoke: Wand              |     2 |     2 |     3 |       ||     7
    Use: Scroll            |       |     1 |       |       ||     1
         Potion            |       |       |     1 |       ||     1
   Stab: Paralysed         |    10 |     7 |     2 |       ||    19
         Distracted        |       |     1 |     2 |       ||     3
         Sleeping          |       |       |     6 |       ||     6
 Armour: Chain mail        |    76 |    61 |       |       ||   137
         Leather armour    |     2 |       |    91 |     6 ||    99
  Dodge: Dodged            |    41 |    52 |   130 |     7 ||   230
         Form:             |       |       |     1 |       ||     1
         Beast             |       |       |     1 |       ||     1

Table legend: (Time is in decaauts)
 A = Elapsed time spent in this place.
 B = Non-inter-level travel time spent in this place.
 C = Inter-level travel time spent in this place.
 D = Time resting spent in this place.
 E = Time spent auto-exploring this place.
 F = Levels seen in this place.
 G = Mean time per level.
                   A        B        C        D        E       F      G
               +--------+--------+--------+--------+--------+-----+--------+
         Total |   9570 |   9145 |    425 |   1268 |   5941 |   9 | 1063.3 |
       Dungeon |   9570 |   9145 |    425 |   1268 |   5941 |   9 | 1063.3 |
               +--------+--------+--------+--------+--------+-----+--------+

Top non-repeatable levels by time:
     D:6: 1835 daAuts
     D:3: 1509 daAuts
     D:8: 1399 daAuts
     D:5: 1281 daAuts
     D:7: 848 daAuts
     D:2: 759 daAuts
     D:4: 728 daAuts
     D:1: 625 daAuts
     D:9: 582 daAuts
